 Dungeon Crawl Stone Soup version 0.27.1-34-g3ba077fa99 (webtiles) character file.

Game seed: 15256094311202059245

70446 ticklebelly the Severer (level 14, -22/140 HPs)
             Began as a Minotaur Berserker on Jan 8, 2022.
             Was a High Priest of Trog.
             Annihilated by a titanic slime creature (94 damage)
             ... on level 12 of the Dungeon.
             The game lasted 01:04:56 (23190 turns).

ticklebelly the Severer (Minotaur Berserker)       Turns: 23190, Time: 01:04:56

Health: -22/140    AC: 29    Str: 26    XL:     14   Next: 94%
Magic:  13/13      EV: 10    Int:  4    God:    Trog [*****.]
Gold:   996        SH:  0    Dex: 11    Spells: 13/13 levels left

rFire    . . .     SeeInvis .   z - +3 battleaxe (flame)
rCold    . . .     Faith    +   (shield currently unavailable)
rNeg     . . .     Spirit   .   M - +4 plate armour of the Bagpipe {rElec}
rPois    .         Reflect  .   (helmet restricted)
rElec    +         Harm     .   (no cloak)
rCorr    +         Rampage  .   K - +0 pair of gloves
Will     +....                  h - +0 pair of boots
Stlth    ..........             S - amulet of faith
HPRegen  0.33/turn              k - +4 ring of protection
MPRegen  0.13/turn              x - ring of resist corrosion

@: no status effects
A: horns 2, retaliatory headbutt
a: Renounce Religion, Berserk, Trog's Hand, Brothers in Arms


You were on level 12 of the Dungeon.
You worshipped Trog.
Trog was extremely pleased with you.
You visited 2 branches of the dungeon, and saw 18 of its levels.
You also visited: Bailey.

You collected 1395 gold pieces.
You spent 399 gold pieces at shops.

Inventory:

Hand Weapons
 y - a +5 vorpal broad axe
 z - a +3 battleaxe of flaming (weapon)
 J - a +3 antimagic executioner's axe
 U - the +4 broad axe of the Owl {vorpal, rPois rF+ Will+}
   (Trog gifted it to you on level 3 of the Lair of Beasts)

   It inflicts extra damage upon your enemies.
   rF:        It protects you from fire.
   rPois:     It protects you from poison.
   Will:      It increases your willpower.
Missiles
 E - 59 boomerangs (quivered)
Armour
 h - a +0 pair of boots (worn)
 K - a +0 pair of gloves (worn)
 M - the +4 plate armour of the Bagpipe (worn) {rElec}
   (You found it on level 1 of the Lair of Beasts)

   rElec:     It insulates you from electricity.
Jewellery
 k - a +4 ring of protection (left hand)
 q - the ring of the Bouncing Xalams {Str+2 Dex+6}
   (You found it on level 4 of the Dungeon)

   [ring of dexterity]

   Str:       It affects your strength (+2).
   Dex:       It affects your dexterity (+6).
 r - a +6 ring of dexterity
 x - a ring of resist corrosion (right hand)
 A - a +4 ring of protection
 F - the ring of Tatyaq {Ice Str+5 Int-4}
   (You found it on level 8 of the Dungeon)

   [ring of ice]

   It enhances your ice magic.
   Str:       It affects your strength (+5).
   Int:       It affects your intelligence (-4).
   rF:        It makes you vulnerable to fire.
   rC:        It protects you from cold.
 I - a ring of flight
 N - a ring of positive energy
 S - an amulet of faith (around neck)
Wands
 t - a wand of polymorph (5)
 u - a wand of acid (8)
 v - a wand of digging (7)
 B - a wand of flame (49)
 H - a wand of mindburst (39)
 R - a wand of iceblast (27)
Scrolls
 b - 2 scrolls of holy word
 c - 5 scrolls of enchant weapon
 d - 2 scrolls of brand weapon
 i - a scroll of identify
 j - 6 scrolls of immolation
 m - 4 scrolls of fear
 p - 10 scrolls of teleportation
 C - 3 scrolls of enchant armour
 D - a scroll of silence
 O - a scroll of fog
 Q - a scroll of blinking
 X - a scroll of summoning
Potions
 a - 3 potions of resistance
 e - 4 potions of heal wounds
 f - 9 potions of curing
 g - a potion of brilliance
 n - 3 potions of might
 o - 2 potions of cancellation
 s - a potion of magic
 G - 4 potions of lignification
 L - a potion of invisibility
 P - a potion of flight
 V - 5 potions of haste
Miscellaneous
 l - a phial of floods
 w - a lightning rod (4/4)
 T - a box of beasts
 W - a box of beasts


   Skills:
 + Level 17.0 Fighting
 + Level 17.0 Axes
 + Level 16.8 Armour
 + Level 5.0 Dodging
 + Level 6.2 Evocations


You had 13 spell levels left.
You didn't know any spells.
Your spell library was empty.

Dungeon Overview and Level Annotations

Branches:
Dungeon (12/15)            Temple (0/1) D:4            Lair (6/6) D:9
 Shoals (0/4) Lair:2       Spider (0/4) Lair:3        Slime (0/5) Lair:6
    Orc (0/2) D:9          Bailey (visited)

Altars:
Ashenzari
Dithmenos
Makhleb
Yredelemnul
The Shining One

Shops:
D:1 [   D:8 ?   D:11 ?

Portals:
Abyss: Lair:6


Innate Abilities, Weirdness & Mutations

You have a pair of horns on your head.
You reflexively headbutt those who attack you in melee.


Message History

The slime creature quivers. 2 slime creatures come into view.
Found 15 gold pieces.
Found a stone staircase leading up.
The slime creature quivers. x2
You see here 8 gold pieces.
A slime creature comes into view.
Found a scroll of noise.
The slime creature quivers.
Two slime creatures merge to form a large slime creature.
A slime creature comes into view.
The slime creature quivers.
The slime creature hits you but does no damage.
You slice the slime creature!! You burn the slime creature!
Your headbutt misses the slime creature.
The slime creature is heavily wounded.
The slime creature hits you.
You hit the slime creature. You burn the slime creature.
The slime creature is severely wounded.
Two slime creatures merge to form a very large slime creature.
You slice the slime creature!! You burn the slime creature.
You kill the slime creature!
Trog accepts your kill.
A slime creature comes into view.
Two slime creatures merge to form an enormous slime creature.
Two slime creatures merge to form a titanic slime creature.
Press: ? - help, v - describe, . - travel
Here: a titanic slime creature The floor.
Your plate armour of the Bagpipe prevents you from hitting the titanic slime creature.
You hit the titanic slime creature. You burn the titanic slime creature.
The titanic slime creature is lightly wounded.
The titanic slime creature hits you!
You remove the ring of the Bouncing Xalams {Str+2 Dex+6}.
You feel clumsy. The titanic slime creature hits you!!!
x - a ring of resist corrosion (right hand)
Your troll goes berserk!
The titanic slime creature hits you!!!!
Ouch! That really hurt!
You die...

,,,,,,,,**................,,,*,,,
,,*,,,,,,.................,,,,,,,
***,,,,,,...$.....<.......**<,,,,
* **,,,..,#.............,*****,,,
***,,,,...##..........,,,,**,,,,,
*,,,,,,,#.#.........##,,,*****,**
...,,,.#*#.....T.....##,** ***
...,,,..##.......J.##.##*
....,,.).#......@......##
....,,.........$........#*
.....,...................**
.#..##*#.##....###...#.?.,*
###..# ##......###..###.#**
.##.####......##....##*##
....#...$.........##.##
..............#.......##
..............#........#


You could see a titanic slime creature (ally target) and a friendly troll
(summoned, berserk).

Vanquished Creatures
  A fire dragon (Lair:6)
  Josephine (Lair:6)
  Harold (D:10)
  12 hydras
  A rakshasa (Lair:6)
  A boulder beetle (Lair:6)
  2 two-headed ogres
  A catoblepas (Lair:5)
  5 death yaks
  The ghost of daervis the Cleaver, a novice GrBe of Trog (Lair:1)
  2 lindwurms
  An ugly thing (D:11)
  3 cyclopes
  14 elephants
  8 black mambas
  2 molten gargoyles (Lair:6)
  A torpor snail (Lair:4)
  A gargoyle (D:10)
  13 cane toads
  2 rime drakes
  A kobold demonologist (D:10)
  13 komodo dragons
  3 trolls
  2 hornets
  4 polar bears
  Grinder (D:4)
  A slime creature (D:12)
  6 dream sheep (Lair:5)
  13 blink frogs
  A shadow (D:11)
  63 yaks
  2 wraiths (Lair:6)
  Sigmund (D:5)
  4 wyverns (Lair:6)
  A spriggan (Lair:6)
  A vampire (D:12)
  5 steam dragons
  6 basilisks
  A vampire mosquito (D:12)
  A warg (D:9)
  20 water moccasins
  5 hell hounds (Lair:6)
  2 hornet zombies
  10 orc warriors
  3 ice beasts (D:7)
  2 black bears
  2 sky beasts (D:5)
  A necrophage (D:5)
  An ogre (D:5)
  31 wolves
  11 centaurs
  22 kobold brigands
  A phantom (D:7)
  11 bullfrogs
  Blork the orc (D:4)
  A wyvern zombie (D:7)
  6 scorpions
  11 killer bees
  An electric eel (D:9)
  11 wights
  3 howler monkeys (D:7)
  5 lava snakes (Lair:6)
  5 centaur zombies
  A bullfrog zombie (D:5)
  8 hounds
  4 jellies
  12 orc priests
  A centaur skeleton (D:7)
  20 orc wizards
  Jessica (D:2)
  Ijyb (D:5)
  Natasha (twice) (D:3)
  3 iguanas
  2 hell rats (Lair:1)
  A howler monkey zombie (D:8)
  Robin (D:2)
  4 gnolls (D:6)
  6 river rats (Lair:1)
  8 adders
  A white imp (D:7)
  3 worms
  2 dart slugs
  50 orcs
  7 bats
  8 endoplasms
  4 giant cockroaches
  20 goblins
  9 hobgoblins
  4 jackals (D:1)
  A quokka (D:4)
  10 ball pythons
  2 frilled lizards
  31 kobolds
  11 rats
607 creatures vanquished.

Vanquished Creatures (collateral kills)
  The ghost of Leoqus the Earth Mage, a journeyman GrEE of Okawaru (Lair:6)
  A large abomination (Lair:6)
  3 ugly things
  A manticore (D:12)
  A cane toad (Lair:6)
  A molten gargoyle (Lair:6)
  A komodo dragon (Lair:6)
  A troll (D:12)
  A wraith (Lair:6)
  2 yaks (Lair:6)
  A vampire mosquito (D:12)
  An orc wizard (D:12)
15 creatures vanquished.

Vanquished Creatures (others)
  2 elephants (Lair:6)
  2 orc wizards
  A bush (Lair:3)
  25 fungi
  51 plants
  5 toadstools (D:1)
86 creatures vanquished.

Grand Total: 708 creatures vanquished

Notes
Turn   | Place    | Note
-------+----------+-------------------------------------------
     0 | D:1      | ticklebelly the Minotaur Berserker began the quest for the
                  | Orb.
     0 | D:1      | Reached XP level 1. HP: 19/19 MP: 0/0
   259 | D:1      | Reached XP level 2. HP: 25/27 MP: 1/1
   352 | D:1      | Found Guje's Antique Armour Shoppe.
   823 | D:1      | Found a faded altar of an unknown god.
  1092 | D:2      | Reached XP level 3. HP: 31/33 MP: 2/2
  1373 | D:2      | Noticed Jessica
  1382 | D:2      | Killed Jessica
  1383 | D:2      | Reached XP level 4. HP: 32/41 MP: 3/3
  1463 | D:2      | Reached ** piety under Trog
  2113 | D:2      | Noticed Robin
  2134 | D:2      | Killed Robin
  2414 | D:3      | Noticed Natasha
  2424 | D:3      | Killed Natasha
  2425 | D:3      | Reached skill level 5 in Fighting
  2425 | D:3      | Reached skill level 5 in Axes
  2425 | D:3      | Reached XP level 5. HP: 35/48 MP: 4/4
  2907 | D:3      | Noticed Natasha
  2926 | D:3      | Killed Natasha
  3081 | D:3      | Found a basalt altar of Yredelemnul.
  3192 | D:3      | Reached XP level 6. HP: 11/56 MP: 5/5
  3619 | D:3      | Reached *** piety under Trog
  3725 | D:4      | Reached skill level 5 in Armour
  4139 | D:4      | Noticed Grinder
  4149 | D:4      | Killed Grinder
  4150 | D:4      | Reached XP level 7. HP: 64/64 MP: 6/6
  4285 | D:4      | Found a staircase to the Ecumenical Temple.
  4634 | D:4      | Noticed Blork the orc
  4639 | D:4      | Killed Blork the orc
  4688 | D:4      | Identified the ring of the Bouncing Xalams {Str+2 Dex+6}
  4930 | D:5      | Entered Level 5 of the Dungeon
  4939 | D:5      | Reached XP level 8. HP: 73/73 MP: 7/7
  5012 | D:5      | Noticed Sigmund
  5020 | D:5      | Killed Sigmund
  5193 | D:5      | Noticed Ijyb
  5200 | D:5      | Killed Ijyb
  6073 | D:6      | Identified the +4 scale mail of the Guardian {Regen+}
  6128 | D:6      | Reached XP level 9. HP: 81/82 MP: 8/8
  6252 | D:6      | Reached **** piety under Trog
  6730 | D:7      | Found a burning altar of Makhleb.
  6738 | D:7      | Found a glowing golden altar of the Shining One.
  6856 | D:7      | Noticed a cyclops
  6858 | D:7      | Noticed a cyclops
  6862 | D:7      | Killed a cyclops
  6863 | D:7      | Reached skill level 10 in Fighting
  6863 | D:7      | Reached skill level 10 in Axes
  6874 | D:7      | Killed a cyclops
  6875 | D:7      | Reached skill level 10 in Armour
  6879 | D:7      | Reached XP level 10. HP: 62/94 MP: 9/9
  7546 | D:8      | Identified the ring of Tatyaq {Ice Str+5 Int-4}
  7584 | D:8      | Noticed an eight-headed hydra
  7732 | D:8      | Reached ***** piety under Trog
  7811 | D:8      | Found Loeblodwa's Magic Scroll Emporium.
  7819 | D:8      | Bought a scroll of brand weapon for 220 gold pieces
  8038 | D:8      | Noticed a death yak
  8065 | D:8      | Killed a death yak
  8133 | D:8      | Reached XP level 11. HP: 97/104 MP: 10/10
  8502 | D:8      | Killed an eight-headed hydra
  8780 | D:9      | Received a gift from Trog
  9063 | D:9      | Found a staircase to the Lair.
  9169 | D:9      | Found a staircase to the Orcish Mines.
  9447 | D:10     | Entered Level 10 of the Dungeon
  9775 | Lair:1   | Entered Level 1 of the Lair of Beasts
  9775 | Lair:1   | Noticed a five-headed hydra
  9786 | Lair:1   | Killed a five-headed hydra
 10109 | Lair:1   | Identified the +4 plate armour of the Bagpipe {rElec}
 10151 | Lair:1   | Received a gift from Trog
 10699 | Lair:1   | Found a runed translucent gate.
 10700 | Lair:1   | Found a runed translucent gate.
 10700 | Lair:1   | Found a runed translucent gate.
 10702 | Lair:1   | Noticed daervis's ghost (novice GrBe)
 10722 | Lair:1   | Killed daervis's ghost
 10885 | Lair:1   | Reached XP level 12. HP: 115/115 MP: 11/11
 11407 | Lair:1   | Identified the +1 chain mail of the Endless Expanse {Contam
                  | Harm rCorr Slay-5}
 11808 | Lair:2   | Found a staircase to the Shoals.
 11938 | Lair:2   | Noticed a seven-headed hydra
 11952 | Lair:2   | Killed a seven-headed hydra
 12702 | Lair:2   | Noticed a four-headed hydra
 12710 | Lair:2   | Killed a four-headed hydra
 12822 | Lair:2   | Noticed an eight-headed hydra
 12832 | Lair:2   | Killed an eight-headed hydra
 13217 | Lair:3   | Identified the +4 broad axe of the Owl {vorpal, rPois rF+
                  | Will+} (Trog gifted it to you on level 3 of the Lair of
                  | Beasts)
 13217 | Lair:3   | Received a gift from Trog
 13550 | Lair:3   | Found a hole to the Spider Nest.
 13577 | Lair:3   | Reached skill level 15 in Fighting
 13579 | Lair:3   | Reached XP level 13. HP: 113/126 MP: 12/12
 13585 | Lair:3   | Reached skill level 15 in Axes
 14449 | Lair:4   | Reached skill level 15 in Armour
 15433 | Lair:4   | Reached skill level 1 in Evocations
 16223 | Lair:5   | Received a gift from Trog
 17318 | Lair:5   | You fall into a shaft and drop 1 floor!
 17318 | Lair:6   | Entered Level 6 of the Lair of Beasts
 17329 | Lair:6   | Noticed Josephine
 17335 | Lair:6   | Killed Josephine
 17336 | Lair:6   | Reached skill level 5 in Dodging
 17336 | Lair:6   | Reached XP level 14. HP: 62/137 MP: 13/13
 17339 | Lair:6   | Received a gift from Trog
 17358 | Lair:6   | Found a transporter.
 18540 | Lair:6   | Found a staircase to the Slime Pits.
 18834 | Lair:6   | Found a large runed translucent door.
 19312 | Lair:6   | Found a shadowy altar of Dithmenos.
 19674 | Lair:6   | Found a transporter.
 19674 | Lair:6   | Noticed Leoqus's ghost (journeyman GrEE)
 19675 | Lair:6   | Found a one-way gate to the infinite horrors of the Abyss.
 19769 | Lair:6   | Reached skill level 5 in Evocations
 20300 | Lair:6   | Found a large runed translucent door.
 20610 | Lair:6   | Killed Leoqus's ghost
 21031 | D:8      | Bought a scroll of identify for 22 gold pieces
 21031 | D:8      | Bought a scroll of immolation for 38 gold pieces
 21037 | D:8      | Bought a scroll of identify for 22 gold pieces
 21119 | D:10     | Received a gift from Trog
 21475 | D:10     | Noticed Harold
 21485 | D:10     | Killed Harold
 21527 | D:10     | Found a broken altar of Ashenzari.
 22149 | D:11     | Found Buguv's Magic Scroll Shop.
 22157 | D:11     | Bought a scroll of enchant armour for 97 gold pieces
 22863 | D:12     | Found a flagged portal.
 22887 | Bailey   | Entered a bailey
 23121 | Bailey   | Found a bloodstained altar of Trog.
 23190 | D:12     | Annihilated by a titanic slime creature

Illustrated notes

Levels and vault maps discovered:
D:1:      ldierk_walled_garden, layout_basic, ebering_ecumenical_altar_hall,
          serial_shops, nicolae_diamond_shop
D:2:      layout_basic, uniq_jessica, uniq_robin
D:3:      layout_basic, mainiacjoe_overflow_surrounded_room, st_stairs_7,
          uniq_natasha
D:4:      layout_basic, temple_pool_b, serial_rivers,
          chequers_serial_rivers_marsh, chequers_serial_rivers_small_a,
          chequers_serial_rivers_micro_a, chequers_serial_rivers_micro_a,
          chequers_serial_rivers_small_b, uniq_blork_the_orc, uniq_grinder
D:5:      layout_basic, uniq_sigmund, uniq_ijyb
D:6:      layout_rooms, kennysheep_generic_room_5
D:7:      nzn_winding_woodlands_small
          [nzn_winding_woodlands_5x15_pathside_ponds,
          nzn_winding_woodlands_center_lodge, nzn_winding_woodlands_5x15_twine],
          layout_gridville, makhleb_heckhound_becter, lemuel_tele_altar
D:8:      argonaut_augean_stables, layout_basic, serial_shops,
          nicolae_shop_temple_entry_statues_fountains
D:9:      layout_basic, dpeg_oklobed_lair, david_orc_3,
          hangedman_decor_diamond_cutter, serial_bayou_ford_a
D:10:     layout_roguey [special_room_kobold], kennysheep_little_box,
          minmay_misc_feat_alley, uniq_harold
D:11:     layout_basic, serial_shops,
          nicolae_shop_temple_entry_statues_fountains
D:12:     layout_cave_pools, enter_bailey_5
Lair:1:   layout_cave_pods, ebering_ghost_rock_garden,
          hangedman_lair_unloving_vines, kennysheep_abandoned_house
Lair:2:   layout_regular_city, shoals_dummy_entry
Lair:3:   layout_roguey, nicolae_spider_entry_non_spiders,
          grunt_forest_large_clearings, grunt_megastairs_5
Lair:4:   layout_small_grid
Lair:5:   layout_regular_city, lemuel_fruit_tree
Lair:6:   cheibrodos_lair_end_hotspot, layout_gridlike,
          nicolae_slime_entry_slimehenge, gammafunk_ghost_abyssal_escape,
          lemuel_centaur_altar, uniq_josephine

Skill      XL: |  1  2  3  4  5  6  7  8  9 10 11 12 13 14 |
---------------+-------------------------------------------+-----
Axes           | 4 5 6 7 8 10 12 13 14 16 17 | 17.0
Fighting       | 4 5 6 7 8 10 12 13 15 16 17 | 17.0
Armour         | 3 4 6 8 10 11 13 14 15 16 | 16.8
Evocations     | 3 6 |  6.2
Dodging        | 5 |  5.0

Action                   |  1- 3 |  4- 6 |  7- 9 | 10-12 | 13-15 || total
-------------------------+-------+-------+-------+-------+-------++-------
Melee: Hand axe          |    59 |   151 |   209 |    37 |       ||   456
       Headbutt          |     2 |    24 |    78 |   153 |   163 ||   420
       Unarmed           |       |       |     5 |       |       ||     5
       War axe           |       |       |       |   329 |       ||   329
       Battleaxe         |       |       |       |   136 |   588 ||   724
       Mace              |       |       |       |    37 |       ||    37
Invok: Berserk           |       |     2 |     3 |     4 |     2 ||    11
       Trog's Hand       |       |     2 |       |       |     5 ||     7
       Brothers in Arms  |       |       |       |       |     5 ||     5
  Use: Scroll            |       |       |       |       |    28 ||    28
 Stab: Distracted        |       |       |       |       |     1 ||     1
Armor: Animal skin       |    14 |    31 |       |       |       ||    45
       Ring mail         |       |     7 |       |       |       ||     7
       Scale mail        |       |    29 |   125 |   165 |       ||   319
       Skin              |       |       |     2 |       |       ||     2
       Plate armour      |       |       |       |   205 |   403 ||   608
Dodge: Dodged            |    55 |    95 |   111 |   305 |   327 ||   893
